[Event "Titled Tuesday Blitz June 1 2021"]
[White "Mazur, Stefan"]
[Black "Koganov, Mikhail"]
[WhiteFideId "14909332"]
[BlackFideId "2038676"]
[WhiteElo "2437"]
[BlackElo "2093"]
[Result "0-1"]
[Round "10"]
[TimeControl "180+1"]
[Date "2021.06.01"]
[WhiteClock "0:00:24"]
[BlackClock "0:01:20"]

1. e4 e5 2. Nf3 Nc6 3. Bb5 a6 4. Ba4 d6 5. O-O Bd7 6. c3 Nge7 7. d4 Ng6 8. Be3 Be7 9. Nbd2 O-O 10. Re1 b5 11. Bc2 Nh4 12. Nxh4 Bxh4 13. a4 Bf6 14. Qe2 b4 15. d5 bxc3 16. bxc3 Ne7 17. a5 Ng6 18. g3 Bg5 19. Bd3 Bxe3 20. Qxe3 f5 21. exf5 Bxf5 22. Bxf5 Rxf5 23. c4 Qd7 24. Rec1 Raf8 25. c5 Rxf2 26. Qxf2 Rxf2 27. Kxf2 Qf5+ 28. Ke3 Qg5+ 29. Kd3 e4+ 30. Nxe4 Qxd5+ 31. Ke3 Ne5 32. cxd6 Qd3+ 33. Kf4 Ng6+ 34. Kf5 Qd5+ 0-1


[Site "https://www.chess.com"]

[Event "Titled Tuesday Blitz June 1 2021"]
[White "Mikhalsky, Vladimir"]
[Black "Woodward, Andy"]
[WhiteFideId "14144352"]
[BlackFideId "30953499"]
[WhiteElo "2280"]
[BlackElo "2604"]
[Result "0-1"]
[Round "10"]
[TimeControl "180+1"]
[Date "2021.06.01"]
[WhiteClock "0:01:24"]
[BlackClock "0:01:28"]

1. e4 c5 2. Nf3 d6 3. c3 Nf6 4. Bd3 Nc6 5. O-O g6 6. Bc2 Bg7 7. d4 cxd4 8. cxd4 O-O 9. a3 a6 10. Nc3 b5 11. h3 Bb7 12. Be3 Rc8 13. Qe2 Na5 14. Nd2 Qd7 15. Rfc1 Nc4 16. Nxc4 Rxc4 17. Bb3 Rc7 18. d5 Rfc8 19. Bb6 Nh5 20. Bxc7 Rxc7 21. g3 Bd4 22. Kg2 Ba7 23. Nd1 Qc8 24. Qd2 Nf6 25. f3 Kg7 26. Rxc7 Qxc7 27. Rc1 Qb6 28. Nf2 h5 29. h4 a5 30. Ba2 b4 31. axb4 axb4 32. Bc4 Nd7 33. Qe2 Ne5 34. f4 Nxc4 35. Rxc4 Ba6 36. Rxb4 Bxe2 37. Rxb6 Bxb6 38. e5 Bc4 39. exd6 Bxd5+ 40. Kh3 Bxf2 41. d7 Bb6 42. f5 gxf5 43. b4 Bc6 44. b5 Bxd7 45. Kg2 Bxb5 46. Kf3 Bc6+ 47. Kf4 Kf6 48. g4 e5+ 49. Kg3 f4+ 50. Kh3 Bd7 51. Kg2 hxg4 52. h5 e4 53. h6 Kg6 54. h7 Kxh7 55. Kh2 f5 56. Kg2 Kg6 57. Kh1 Kg5 58. Kg2 e3 59. Kh1 f3 60. Kh2 f4 61. Kh1 g3 62. Kg1 Kh4 63. Kh1 Kh3 64. Kg1 e2+ 65. Kh1 g2# 0-1


[Site "https://www.chess.com"]

[Event "Titled Tuesday Blitz June 1 2021"]
[White "Molina, Roberto Junio Brito"]
[Black "Miszler, Levente"]
[WhiteFideId "2109450"]
[BlackFideId "763276"]
[WhiteElo "2402"]
[BlackElo "1967"]
[Result "1-0"]
[Round "10"]
[TimeControl "180+1"]
[Date "2021.06.01"]
[WhiteClock "0:00:10"]
[BlackClock "0:00:03"]

1. d4 e6 2. c4 Nf6 3. Nc3 Bb4 4. Qc2 b6 5. a3 Bxc3+ 6. Qxc3 Bb7 7. Bg5 h6 8. Bh4 g5 9. Bg3 Ne4 10. Qc2 d6 11. f3 Nxg3 12. hxg3 f5 13. g4 Qf6 14. gxf5 exf5 15. O-O-O Nd7 16. e3 O-O-O 17. Bd3 Rhf8 18. Ne2 Rde8 19. Qd2 Re7 20. Nc3 Rfe8 21. e4 Qxd4 22. exf5 Nc5 23. Bc2 Qxc4 24. Kb1 a5 25. Rxh6 b5 26. Qd4 Qf7 27. Nxb5 Re2 28. Rxd6 Ba6 29. Rxa6 Rxc2 30. Ra8+ Kb7 31. Ra7+ Kb8 32. Kxc2 Qb3+ 33. Kb1 Qxb5 34. Rxc7 Kxc7 35. Qd6+ Kb7 36. Rc1 Rc8 37. f6 Rc6 38. Qe7+ Rc7 39. Qe3 Qc6 40. Qxg5 Qe6 41. Qf4 Rc6 42. g4 Nd3 43. Rxc6 Qe1+ 44. Rc1 Nxc1 45. Qxc1 Qe6 46. Qc2 Qxf6 47. Qe4+ Qc6 48. Qxc6+ Kxc6 49. b3 1-0


[Site "https://www.chess.com"]

[Event "Titled Tuesday Blitz June 1 2021"]
[White "Moroni, Luca Jr"]
[Black "Elgersma, Onno"]
[WhiteFideId "865834"]
[BlackFideId "1053531"]
[WhiteElo "2491"]
[BlackElo "2512"]
[Result "1-0"]
[Round "10"]
[TimeControl "180+1"]
[Date "2021.06.01"]
[WhiteClock "0:00:08"]
[BlackClock "0:00:02"]

1. d4 d5 2. c4 e6 3. Nc3 Nf6 4. cxd5 exd5 5. Bg5 c6 6. e3 Bd6 7. Bd3 O-O 8. Nge2 h6 9. Bh4 Re8 10. Qc2 a5 11. a3 Na6 12. Bg3 Nc7 13. Bxd6 Qxd6 14. Ng3 h5 15. Na4 h4 16. Ne2 Ne6 17. Nb6 Rb8 18. Qc3 Ng5 19. Qxa5 h3 20. g3 Nf3+ 21. Kf1 Bg4 22. Qc5 Qxc5 23. dxc5 Nd2+ 24. Ke1 Nfe4 25. Bxe4 Nxe4 26. Nd4 Ng5 27. b4 Re4 28. Kd2 Rbe8 29. Kc3 Nf3 30. Nxf3 Bxf3 31. Rhe1 f5 32. Kd2 g5 33. Rab1 Kf7 34. a4 d4 35. b5 dxe3+ 36. Rxe3 cxb5 37. axb5 Rd4+ 38. Kc3 Rxe3+ 39. fxe3 Re4 40. Nc4 Be2 41. Nd6+ 1-0


[Site "https://www.chess.com"]

[Event "Titled Tuesday Blitz June 1 2021"]
[White "Muthaiah AL"]
[Black "Gurvich, Vitaly"]
[WhiteFideId "5092442"]
[BlackFideId "24164852"]
[WhiteElo "2184"]
[BlackElo "2252"]
[Result "1-0"]
[Round "10"]
[TimeControl "180+1"]
[Date "2021.06.01"]
[WhiteClock "0:00:15"]
[BlackClock "0:01:28"]

1. b3 a5 2. Nc3 b6 3. Nf3 Bb7 4. e4 g6 5. Bb2 Bg7 6. d4 d6 7. Bd3 Nd7 8. O-O e6 9. a4 Ne7 10. Re1 O-O 11. Qd2 h6 12. Rad1 Rc8 13. Nb5 Nb8 14. Na7 Nd7 15. Nxc8 Qxc8 16. Bb5 c6 17. Bd3 Qc7 18. h3 Qb8 19. Bc3 Qc7 20. Rb1 Ra8 21. Ba1 Qd8 22. c4 Qc7 23. Rbc1 Qd8 24. d5 cxd5 25. cxd5 e5 26. Bb2 Nc5 27. Bc4 f5 28. exf5 Nxf5 29. Ba3 Qf6 30. Bxc5 bxc5 31. Bb5 Ne7 32. Rcd1 Kh8 33. Bc6 Ra7 34. Bxb7 Rxb7 35. Qxa5 Rxb3 36. Qd8+ Kh7 37. Nd2 Rb2 38. Ne4 Qf7 39. Qxd6 Nf5 40. Qe6 Qf8 41. d6 Nd4 42. Qd5 Ne2+ 43. Rxe2 Rxe2 44. d7 Qd8 45. Nxc5 e4 46. Ne6 Qf6 47. Rf1 e3 48. d8=Q exf2+ 49. Kh2 Qf7 50. Nxg7 Qxg7 51. Q8d7 Re7 52. Q7d6 Rf7 53. Qd4 Qg8 54. Rxf2 Rg7 55. Q6e5 h5 56. Qxg7+ Qxg7 57. Qxg7+ Kxg7 58. a5 Kh6 59. a6 Kg5 60. a7 Kh4 61. a8=Q 1-0


[Site "https://www.chess.com"]

[Event "Titled Tuesday Blitz June 1 2021"]
[White "Nagy, Gabor"]
[Black "Makhnev, Denis"]
[WhiteFideId "737119"]
[BlackFideId "13707647"]
[WhiteElo "2562"]
[BlackElo "2549"]
[Result "1/2-1/2"]
[Round "10"]
[TimeControl "180+1"]
[Date "2021.06.01"]
[WhiteClock "0:00:16"]
[BlackClock "0:00:09"]

1. e4 e5 2. Nf3 Nc6 3. Bb5 a6 4. Ba4 Nf6 5. d4 b5 6. Bb3 Bd6 7. O-O Qe7 8. Nc3 Nxd4 9. Nxd4 exd4 10. Nd5 Nxd5 11. exd5 O-O 12. Qxd4 Be5 13. Qd3 d6 14. c3 Qh4 15. f4 Bf6 16. Bd2 g6 17. Rae1 Bf5 18. Qf3 Rfe8 19. h3 h5 20. Re3 Rxe3 21. Qxe3 Bg7 22. Be1 Qd8 23. Bf2 Bf6 24. Re1 a5 25. Bd1 h4 26. Qd2 Qd7 27. Bd4 Bxd4+ 28. Qxd4 Re8 29. Rxe8+ Qxe8 30. Kf2 Qe7 31. Be2 Bd7 32. a3 Kh7 33. b4 axb4 34. axb4 f6 35. Bd3 Kg7 36. Qe4 Qf7 37. Qd4 Kh6 38. f5 g5 39. Be4 Qe7 40. g4 hxg3+ 41. Kxg3 Kg7 42. h4 gxh4+ 43. Kxh4 Qf8 44. Bd3 Qh8+ 45. Kg3 Qh6 46. Qf4 Qh1 47. Qe3 Kf8 48. Qd4 Qe1+ 49. Kg2 Kf7 50. Qe4 Qxe4+ 51. Bxe4 Kg7 52. Kg3 Kh6 53. Kf4 Kh5 54. Bd3 Kh4 55. Bf1 Be8 56. Bg2 Bf7 57. Bf1 Be8 58. Bg2 Bf7 59. Bf1 Bxd5 60. Bxb5 Kh3 61. Bf1+ Kh2 62. c4 Bf7 63. Bd3 Kg1 64. Ke3 Kg2 65. Kd4 Kg3 66. Ke3 Be8 67. c5 dxc5 68. bxc5 Bd7 69. Be4 Kg4 70. Kd4 Bxf5 71. Bxf5+ Kxf5 72. Kd5 Kg6 73. Kc6 f5 74. Kxc7 f4 75. Kb7 f3 76. c6 f2 77. c7 f1=Q 78. c8=Q Qf3+ 79. Qc6+ Qxc6+ 80. Kxc6 1/2-1/2


[Site "https://www.chess.com"]

[Event "Titled Tuesday Blitz June 1 2021"]
[White "Nakamura, Hikaru"]
[Black "Moskalenko, Alexander"]
[WhiteFideId "2016192"]
[BlackFideId "4155351"]
[WhiteElo "2900"]
[BlackElo "2495"]
[Result "1-0"]
[Round "10"]
[TimeControl "180+1"]
[Date "2021.06.01"]
[WhiteClock "0:00:56"]
[BlackClock "0:00:15"]

1. b4 e5 2. Bb2 Bxb4 3. Bxe5 Nf6 4. e3 O-O 5. c3 Ba5 6. Bd3 d5 7. Bc2 Nbd7 8. Bg3 Re8 9. Ne2 c5 10. Bh4 Ne5 11. O-O Ng6 12. Bg3 Ne4 13. f3 Nxg3 14. hxg3 Bb6 15. Na3 d4 16. Ba4 Re7 17. Nc4 dxe3 18. dxe3 Be6 19. Qxd8+ Bxd8 20. Nd2 a6 21. Kf2 b5 22. Bc2 Bb6 23. Rfd1 h5 24. a4 b4 25. Rab1 a5 26. Rh1 Rd8 27. Ne4 Bc4 28. Rxh5 Ne5 29. Rbh1 Ng6 30. Nf4 b3 31. Nxg6 fxg6 32. Rh8+ Kf7 33. Rxd8 Bxd8 34. Nd6+ Ke6 35. Nxc4 bxc2 36. Ke2 Rb7 37. Rc1 Kd5 38. Kd3 Rb1 39. e4+ Ke6 40. Kxc2 1-0


[Site "https://www.chess.com"]

[Event "Titled Tuesday Blitz June 1 2021"]
[White "Nandhidhaa, P V"]
[Black "Klenburg, Michael"]
[WhiteFideId "5050847"]
[BlackFideId "14102072"]
[WhiteElo "1989"]
[BlackElo "2359"]
[Result "0-1"]
[Round "10"]
[TimeControl "180+1"]
[Date "2021.06.01"]
[WhiteClock "0:00:02"]
[BlackClock "0:01:21"]

1. e4 d6 2. d4 Nf6 3. Nc3 g6 4. Nf3 Bg7 5. Be2 O-O 6. O-O c6 7. h3 Qc7 8. Be3 b5 9. a3 a6 10. Qd2 Nbd7 11. Bh6 Bb7 12. Bxg7 Kxg7 13. Nh4 e5 14. f4 exd4 15. Qxd4 Qb6 16. Rad1 Rad8 17. Qxb6 Nxb6 18. b3 Rfe8 19. Bf3 d5 20. e5 Nfd7 21. Bg4 Nc5 22. Rde1 d4 23. Nb1 Nd5 24. b4 Na4 25. Bf3 Nxf4 26. Bxc6 Nxh3+ 27. gxh3 Bxc6 28. Nd2 d3 29. cxd3 Rxd3 30. Ndf3 Rxa3 31. Kh2 Ra2+ 32. Kg3 Rb2 33. Ng5 Re7 34. e6 f6 35. Ne4 Rb3+ 36. Kh2 Rxe6 37. Nc5 Nxc5 38. bxc5 Re4 39. Rxe4 Bxe4 40. Re1 f5 41. Rd1 Rc3 42. Rd7+ Kf6 43. Rc7 Kg5 44. Rxh7 Rxc5 45. Ng2 Rc2 46. h4+ Kg4 0-1


[Site "https://www.chess.com"]

[Event "Titled Tuesday Blitz June 1 2021"]
[White "Narva, Mai"]
[Black "Narayanan, Srinath"]
[WhiteFideId "4500512"]
[BlackFideId "5018420"]
[WhiteElo "2236"]
[BlackElo "2472"]
[Result "1-0"]
[Round "10"]
[TimeControl "180+1"]
[Date "2021.06.01"]
[WhiteClock "0:00:43"]
[BlackClock "0:01:32"]

1. e4 c5 2. Nf3 d6 3. d4 cxd4 4. Nxd4 Nf6 5. Nc3 Nc6 6. Bg5 e6 7. Qd2 a6 8. O-O-O Be7 9. f4 Bd7 10. Kb1 b5 11. Bxf6 gxf6 12. Nxc6 Bxc6 13. f5 Qb6 14. fxe6 fxe6 15. Be2 b4 16. Bh5+ Kd8 17. Ne2 Bxe4 18. Nf4 e5 19. Rhe1 Qc6 20. Rxe4 Qxe4 21. Ne6+ Kc8 22. Bf3 Qc4 23. Bd5 Qg4 24. h3 Qf5 25. Qxb4 Ra7 26. Qb6 Rd7 27. Qc6+ Kb8 28. Qa8# 1-0


[Site "https://www.chess.com"]

[Event "Titled Tuesday Blitz June 1 2021"]
[White "Navalgund, Niranjan"]
[Black "Makhnev, Denis"]
[WhiteFideId "5030854"]
[BlackFideId "13707647"]
[WhiteElo "2290"]
[BlackElo "2549"]
[Result "0-1"]
[Round "10"]
[TimeControl "180+1"]
[Date "2021.06.01"]
[WhiteClock "0:01:29"]
[BlackClock "0:01:35"]

1. e4 c6 2. Nc3 d5 3. Nf3 Bg4 4. h3 Bh5 5. g4 Bg6 6. exd5 cxd5 7. Bb5+ Nc6 8. Ne5 Rc8 9. d4 e6 10. h4 f6 11. Nxg6 hxg6 12. Qd3 Kf7 13. Bxc6 Rxc6 14. Bd2 Bb4 15. O-O-O Ne7 16. h5 gxh5 17. gxh5 Bxc3 18. Bxc3 Qc7 19. Rdg1 Qf4+ 20. Kb1 Nf5 21. f3 Rhc8 22. Rg4 Qe3 23. Qxe3 Nxe3 24. Rg6 Rh8 25. Rg3 Nf5 26. Rgh3 Rc4 27. Rd1 Ke8 28. Rd3 g6 29. b3 Rc7 30. h6 Rxh6 31. Rxh6 Nxh6 32. Bd2 Nf5 33. Bf4 Rh7 34. Kb2 g5 35. Bb8 a6 36. c4 Ne7 37. Kc3 Rh3 38. Kb4 g4 39. cxd5 Nxd5+ 40. Kc5 Rxf3 41. Rd1 Kd7 42. Rc1 g3 43. a4 g2 44. a5 0-1


[Site "https://www.chess.com"]

[Event "Titled Tuesday Blitz June 1 2021"]
[White "NovakCabarkapa"]
[Black "Martinez Alcantara, Jose Eduardo"]
[BlackFideId "3805662"]
[WhiteElo "2808"]
[BlackElo "2690"]
[Result "1-0"]
[Round "10"]
[TimeControl "180+1"]
[Date "2021.06.01"]
[WhiteClock "0:01:02"]
[BlackClock "0:00:33"]

1. d4 Nf6 2. Nc3 d5 3. Bf4 a6 4. e3 c5 5. dxc5 Nc6 6. a3 e5 7. Bg5 Be6 8. b4 Be7 9. Nf3 h6 10. Bxf6 Bxf6 11. e4 d4 12. Na4 g5 13. Nb6 g4 14. Nxa8 gxf3 15. Qxf3 d3 16. Nc7+ Ke7 17. Nd5+ Bxd5 18. exd5 dxc2 19. Qe4 Bg5 20. d6+ Kf8 21. Qxc2 e4 22. Bc4 Qf6 23. O-O Qe5 24. Rae1 f5 25. f4 Bxf4 26. g3 Bg5 27. Rxe4 1-0


[Site "https://www.chess.com"]

[Event "Titled Tuesday Blitz June 1 2021"]
[White "Pajeken, Jakob Leon"]
[Black "Vetokhin, Savva"]
[WhiteFideId "12942839"]
[BlackFideId "44144474"]
[WhiteElo "2024"]
[BlackElo "2185"]
[Result "0-1"]
[Round "10"]
[TimeControl "180+1"]
[Date "2021.06.01"]
[WhiteClock "0:01:20"]
[BlackClock "0:00:53"]

1. d4 Nf6 2. Nf3 e6 3. Bf4 d5 4. e3 c5 5. c3 Nc6 6. Nbd2 Bd6 7. Bg3 Qc7 8. dxc5 Bxg3 9. hxg3 e5 10. c4 d4 11. e4 Nd7 12. Rb1 Nxc5 13. b4 Nd7 14. Bd3 a5 15. a3 axb4 16. axb4 Ra3 17. Ke2 O-O 18. Rb3 Ra4 19. Qb1 b6 20. Ne1 Nf6 21. f3 Be6 22. Nc2 Rfa8 23. g4 Qd6 24. g5 Nd7 25. Qe1 Nxb4 26. Qh4 Nxd3 27. Kxd3 Nc5+ 28. Ke2 d3+ 29. Kf2 Nxb3 30. Ne3 Kf8 31. Nxb3 Ra2+ 32. Kg3 d2 33. Qxh7 g6 34. Qh8+ Ke7 35. Qf6+ Kd7 36. Nd5 Bxd5 37. cxd5 Qxf6 38. gxf6 R8a3 39. Rh7 Rxb3 40. Rxf7+ Ke8 41. Re7+ Kf8 0-1


[Site "https://www.chess.com"]

[Event "Titled Tuesday Blitz June 1 2021"]
[White "Pandey Srishti"]
[Black "Kukhmazov, Arsen"]
[WhiteFideId "35093290"]
[BlackFideId "24108260"]
[WhiteElo "1816"]
[BlackElo "2453"]
[Result "0-1"]
[Round "10"]
[TimeControl "180+1"]
[Date "2021.06.01"]
[WhiteClock "0:00:17"]
[BlackClock "0:02:06"]

1. d4 d5 2. c4 c6 3. Nf3 Nf6 4. e3 Bg4 5. Nbd2 e6 6. h3 Bh5 7. Qc2 Nbd7 8. Bd3 Be7 9. O-O O-O 10. b3 Rc8 11. Bb2 Bg6 12. Rac1 Qa5 13. Bxg6 hxg6 14. Bc3 Bb4 15. Bxb4 Qxb4 16. e4 dxe4 17. Nxe4 Rfd8 18. Rfd1 a5 19. Nxf6+ gxf6 20. Re1 Kg7 21. Rcd1 Ra8 22. d5 cxd5 23. cxd5 e5 24. Re4 Qd6 25. Rc4 Nb6 26. Rc5 Rac8 27. Rxc8 Rxc8 28. Qd2 Rc5 29. Rc1 Rxd5 30. Qc3 e4 31. Nh2 Nd7 32. Nf1 Rc5 33. Qb2 Qe5 34. Qxe5 fxe5 35. Rxc5 Nxc5 36. Nd2 b5 37. Kf1 f5 38. Ke2 Kf6 39. g3 Ke6 40. Ke3 Kd5 41. h4 Ne6 42. Nb1 f4+ 43. Kd2 b4 44. Ke2 Nd4+ 45. Ke1 Nf3+ 46. Ke2 Kd4 47. g4 Nxh4 48. Nd2 g5 49. Nc4 a4 50. Kd2 axb3 51. axb3 Nf3+ 52. Kc2 Ne1+ 53. Kd2 Nd3 54. Nd6 Nxf2 55. Nf5+ Kd5 56. Ne7+ Ke6 57. Nc6 Nd3 58. Na5 Kd5 59. Nc4 Kd4 60. Nd6 e3+ 61. Ke2 e4 62. Nf5+ Kc3 63. Nxe3 fxe3 64. Kxe3 Kxb3 65. Kxe4 Kc2 66. Kf5 b3 67. Kxg5 b2 68. Kf6 b1=Q 69. g5 Qf1+ 70. Kg7 Ne5 71. g6 Kd3 72. Kh8 Nxg6+ 73. Kg7 Ne5 74. Kh8 Qf6+ 75. Kh7 Qg6+ 76. Kh8 Nf7# 0-1


[Site "https://www.chess.com"]

[Event "Titled Tuesday Blitz June 1 2021"]
[White "Peralta, Eduardo"]
[Black "Kosteniuk, Alexandra"]
[WhiteFideId "3700062"]
[BlackFideId "4128125"]
[WhiteElo "2205"]
[BlackElo "2521"]
[Result "0-1"]
[Round "10"]
[TimeControl "180+1"]
[Date "2021.06.01"]
[WhiteClock "0:00:04"]
[BlackClock "0:00:35"]

1. d4 Nf6 2. c4 e6 3. Nc3 Bb4 4. e3 b6 5. Bd3 Bb7 6. Ne2 Bxg2 7. Rg1 Bf3 8. Rxg7 Ng4 9. h3 f5 10. e4 Qf6 11. Rg5 h6 12. e5 Qf7 13. hxg4 hxg5 14. Bxg5 Rh1+ 15. Kd2 Rxd1+ 16. Rxd1 Nc6 17. gxf5 exf5 18. Ke3 Bxe2 19. Bxe2 Be7 20. Bf4 O-O-O 21. Nd5 Rg8 22. Bf3 Bg5 23. b3 Bxf4+ 24. Nxf4 Nd8 25. Rh1 Ne6 26. Nd5 f4+ 27. Kd3 Ng5 28. Be4 Nxe4 29. Kxe4 Qg6+ 30. Kxf4 Rf8+ 31. Nf6 Rxf6+ 32. exf6 Qxf6+ 33. Ke3 Qe6+ 34. Kd3 Qf5+ 35. Kc3 Qf3+ 0-1


[Site "https://www.chess.com"]

[Event "Titled Tuesday Blitz June 1 2021"]
[White "Perunovic, Milos"]
[Black "Yurovskykh, Oleksandr"]
[WhiteFideId "921629"]
[BlackFideId "14134020"]
[WhiteElo "2547"]
[BlackElo "2339"]
[Result "1-0"]
[Round "10"]
[TimeControl "180+1"]
[Date "2021.06.01"]
[WhiteClock "0:00:23"]
[BlackClock "0:00:04"]

1. e4 d5 2. exd5 Qxd5 3. Nc3 Qd8 4. Nf3 Bg4 5. Bc4 e6 6. h3 Bxf3 7. Qxf3 c6 8. d3 Nd7 9. Bf4 Ngf6 10. O-O-O Be7 11. g4 Qa5 12. Bd2 Qc7 13. Rhe1 h6 14. Ne4 Nxe4 15. Rxe4 Nf6 16. Ree1 O-O-O 17. h4 Rdf8 18. Bc3 Rhg8 19. g5 hxg5 20. hxg5 Nd5 21. Bd2 g6 22. Bb3 Qd8 23. Qg4 Rh8 24. Kb1 Rh5 25. f4 Rfh8 26. c4 Nc7 27. Bc3 Bd6 28. Bxh8 Qxh8 29. Rf1 Qd4 30. Rh1 Rxh1 31. Rxh1 Qxd3+ 32. Ka1 Qd4 33. Rh7 Qxf4 34. Qxf4 Bxf4 35. Rxf7 Bxg5 36. Bc2 Kd8 37. Bxg6 Be7 38. Kb1 a5 39. Rh7 b6 40. Kc2 Kd7 41. a3 a4 42. Be4 c5 43. Kc3 Kd6 44. Rh6 Bf8 45. Rg6 b5 46. Bc2 Ke5 47. cxb5 Nxb5+ 48. Kd3 Nd6 49. Bxa4 Be7 50. Bb3 Bf6 51. a4 Kf5 52. Rg2 e5 53. Rf2+ Kg5 54. Bd5 Bd8 55. Rf8 Ba5 56. Ra8 Bb4 57. a5 Kf4 58. a6 e4+ 59. Ke2 Ke5 60. Bc6 Nc4 61. a7 Nb6 62. Rb8 1-0


[Site "https://www.chess.com"]

[Event "Titled Tuesday Blitz June 1 2021"]
[White "Potapova, Margarita"]
[Black "Fakhretdinova, Margarita"]
[WhiteFideId "14126869"]
[BlackFideId "24103667"]
[WhiteElo "2229"]
[BlackElo "2278"]
[Result "1-0"]
[Round "10"]
[TimeControl "180+1"]
[Date "2021.06.01"]
[WhiteClock "0:00:35"]
[BlackClock "0:00:01"]

1. d4 Nf6 2. c4 e6 3. Nc3 d5 4. Nf3 Be7 5. Bf4 Nbd7 6. e3 O-O 7. c5 c6 8. h3 Re8 9. Be2 Bf8 10. b3 b6 11. b4 a5 12. a3 Ba6 13. O-O Qc8 14. Rc1 axb4 15. axb4 bxc5 16. bxc5 Bxe2 17. Qxe2 Qa6 18. Qd2 Be7 19. Qb2 Rec8 20. Bh2 Bd8 21. Rb1 Bc7 22. Bxc7 Rxc7 23. Ra1 Qc8 24. Rxa8 Qxa8 25. Rb1 Ra7 26. Qb4 Ne8 27. Qb2 Nc7 28. h4 h6 29. Qc2 Ra1 30. Qb2 Rxb1+ 31. Qxb1 Qb8 32. Qa2 Nb5 33. Ne2 e5 34. dxe5 Nxc5 35. Ned4 Nxd4 36. Nxd4 Qxe5 37. Nxc6 Qe4 38. Qxd5 Qb1+ 39. Kh2 Ne4 40. Ne7+ Kh7 41. Qf5+ Kh8 42. Qxf7 Qb8+ 43. g3 Nf6 44. Nf5 Kh7 45. Qxg7# 1-0


[Site "https://www.chess.com"]

[Event "Titled Tuesday Blitz June 1 2021"]
[White "Prydun, Andriy"]
[Black "Buksa, Nataliya"]
[WhiteFideId "14145898"]
[BlackFideId "14123622"]
[WhiteElo "2033"]
[BlackElo "2214"]
[Result "1-0"]
[Round "10"]
[TimeControl "180+1"]
[Date "2021.06.01"]
[WhiteClock "0:01:19"]
[BlackClock "0:02:10"]

1. d4 d5 2. Nf3 e6 3. e3 Nf6 4. Be2 Be7 5. O-O O-O 6. c4 b6 7. Nc3 Bb7 8. b3 Nbd7 9. Bb2 Ne4 10. Nxe4 dxe4 11. Ne5 Nxe5 12. dxe5 Qxd1 13. Rfxd1 Rfd8 14. Rxd8+ Rxd8 15. Rd1 Rxd1+ 16. Bxd1 Kf8 17. Bc2 Ke8 18. Kf1 Kd7 19. Ke2 a5 20. Bc3 Ba3 21. Kd2 Ke7 22. Ke2 f6 23. exf6+ gxf6 24. f3 exf3+ 25. gxf3 f5 26. e4 fxe4 27. Bxe4 Bxe4 28. fxe4 Kd6 29. Bd4 e5 30. Be3 Bb2 31. Kd3 Ke6 32. a4 Kf6 33. c5 bxc5 34. Bxc5 Kg5 35. Be7+ Kg4 36. Bd8 Kh3 37. Bxc7 Kxh2 38. Bxa5 h5 39. Bd8 Kg3 40. a5 Ba3 41. a6 Bc5 42. Kc4 Ba7 43. Kd5 Kf4 44. b4 1-0


[Site "https://www.chess.com"]

[Event "Titled Tuesday Blitz June 1 2021"]
[White "Quintiliano Pinto, Renato R."]
[Black "Paravyan, David"]
[WhiteFideId "2117568"]
[BlackFideId "4194985"]
[WhiteElo "2439"]
[BlackElo "2562"]
[Result "0-1"]
[Round "10"]
[TimeControl "180+1"]
[Date "2021.06.01"]
[WhiteClock "0:00:06"]
[BlackClock "0:01:16"]

1. d4 Nf6 2. c4 g6 3. Nc3 Bg7 4. e4 d6 5. Nf3 O-O 6. Be2 e5 7. O-O Bg4 8. Be3 Bxf3 9. Bxf3 exd4 10. Bxd4 Nc6 11. Be3 Re8 12. Qc2 Nd7 13. Rad1 Bxc3 14. Qxc3 Qf6 15. Qc2 Nc5 16. Rfe1 Re7 17. Qc1 Nxe4 18. Bxe4 Rxe4 19. Bg5 Qf5 20. Rxe4 Qxe4 21. Re1 Qf5 22. Bh6 f6 23. Qe3 Kf7 24. c5 d5 25. h3 g5 26. g4 Qe4 27. Qc3 Qc4 28. Qxc4 dxc4 29. f4 Nd4 30. Kf2 Kg6 31. fxg5 fxg5 32. Re4 Rd8 33. Bf8 Rxf8+ 0-1


[Site "https://www.chess.com"]

[Event "Titled Tuesday Blitz June 1 2021"]
[White "Quintin Navarro, Alberto"]
[Black "Bacrot, Etienne"]
[WhiteFideId "2292688"]
[BlackFideId "605506"]
[WhiteElo "2625"]
[BlackElo "2749"]
[Result "0-1"]
[Round "10"]
[TimeControl "180+1"]
[Date "2021.06.01"]
[WhiteClock "0:00:33"]
[BlackClock "0:00:13"]

1. c4 e5 2. Nc3 Nc6 3. Nf3 g6 4. g3 Bg7 5. Bg2 Nf6 6. O-O O-O 7. d3 d6 8. Rb1 a5 9. a3 Re8 10. Nd2 Nd4 11. e3 Ne6 12. b4 axb4 13. axb4 h5 14. Nd5 Nxd5 15. cxd5 Ng5 16. h4 Nh7 17. Bb2 Bg4 18. Qc2 g5 19. hxg5 Nxg5 20. f4 Nh3+ 21. Kh2 exf4 22. Bxg7 fxg3+ 23. Kxg3 Rxe3+ 24. Nf3 Qg5 25. Bh6 Qe5+ 26. Kh4 Qe7+ 27. Bg5 Nxg5 28. Nxg5 Re5 29. Qd2 Ra2 30. Qxa2 Qxg5+ 31. Kg3 Re2 32. Rf2 Qe5+ 33. Kh4 Qh2+ 34. Kg5 f6+ 35. Kg6 Bf5+ 36. Kxf5 Qe5+ 37. Kg6 Qg5# 0-1


[Site "https://www.chess.com"]

[Event "Titled Tuesday Blitz June 1 2021"]
[White "Rakotomaharo, Fy Antenaina"]
[Black "Berend, Elvira"]
[WhiteFideId "13100050"]
[BlackFideId "4000510"]
[WhiteElo "2378"]
[BlackElo "2340"]
[Result "0-1"]
[Round "10"]
[TimeControl "180+1"]
[Date "2021.06.01"]
[WhiteClock "0:00:06"]
[BlackClock "0:00:21"]

1. e4 e5 2. Nf3 Nc6 3. Bb5 Nf6 4. O-O Nxe4 5. d4 Nd6 6. dxe5 Nxb5 7. a4 Nbd4 8. Nxd4 Nxd4 9. Qxd4 d5 10. Nc3 c6 11. a5 Be7 12. Be3 O-O 13. Qd3 g6 14. Ne2 Bf5 15. Qd2 Re8 16. Ng3 Qd7 17. Rae1 Bf8 18. Bh6 Rad8 19. Bxf8 Rxf8 20. Qg5 Qe6 21. Nxf5 Qxf5 22. Qxf5 gxf5 23. Re3 Rfe8 24. Rfe1 d4 25. Rf3 Rd5 26. Rxf5 Rxa5 27. h4 h6 28. Re4 Rd5 29. Rg4+ Kf8 30. f4 c5 31. Kf2 c4 32. Ke2 d3+ 33. Kd2 dxc2+ 34. Kxc2 b5 35. Rf6 Red8 36. Rxh6 Rd2+ 37. Kc3 R8d3+ 38. Kb4 Rxb2+ 39. Kc5 c3 40. Rh8+ Ke7 41. Rgg8 c2 42. Re8+ Kd7 43. Rd8+ Ke6 44. Rxd3 c1=Q+ 45. Kd4 Rb4# 0-1


[Site "https://www.chess.com"]

[Event "Titled Tuesday Blitz June 1 2021"]
[White "Real De Azua, Ernesto"]
[Black "Andreev, Eduard"]
[WhiteFideId "108154"]
[BlackFideId "14103400"]
[WhiteElo "2476"]
[BlackElo "2418"]
[Result "1-0"]
[Round "10"]
[TimeControl "180+1"]
[Date "2021.06.01"]
[WhiteClock "0:00:09"]
[BlackClock "0:00:09"]

1. e4 c5 2. Nf3 d6 3. d4 cxd4 4. Qxd4 Nc6 5. Qe3 Nf6 6. Be2 g6 7. O-O Bg7 8. h3 O-O 9. Rd1 Qc7 10. c4 Be6 11. Ng5 Bd7 12. Nc3 Ne5 13. b3 h6 14. Nf3 Nxf3+ 15. Bxf3 a6 16. Bb2 Rac8 17. a4 Bc6 18. a5 Nd7 19. Be2 Nc5 20. Rab1 Qxa5 21. b4 Qxb4 22. Nd5 Qa5 23. Nxe7+ Kh7 24. Bxg7 Kxg7 25. Nxc8 Rxc8 26. Rxd6 Ne6 27. Bg4 Qe5 28. Rbd1 Qxe4 29. Qxe4 Bxe4 30. Bxe6 fxe6 31. Rxe6 Rxc4 32. Rd7+ Kf8 33. Ree7 Bc6 34. Rc7 Rf4 35. Rh7 Ke8 36. Rh8+ Rf8 37. Rc8+ Kd7 38. Rhxf8 a5 39. Rfd8+ Ke6 40. Rxc6+ bxc6 41. Ra8 a4 42. Rxa4 1-0


[Site "https://www.chess.com"]

[Event "Titled Tuesday Blitz June 1 2021"]
[White "Richter, Nils"]
[Black "Przybylski, Wojciech"]
[WhiteFideId "12990809"]
[BlackFideId "1117599"]
[WhiteElo "2289"]
[BlackElo "2317"]
[Result "0-1"]
[Round "10"]
[TimeControl "180+1"]
[Date "2021.06.01"]
[WhiteClock "0:00:32"]
[BlackClock "0:00:20"]

1. d4 Nf6 2. c4 g6 3. f3 d5 4. cxd5 Nxd5 5. e4 Nf6 6. Nc3 Bg7 7. Be3 O-O 8. Qd2 Nc6 9. Nge2 e5 10. d5 Ne7 11. h4 h5 12. O-O-O a6 13. Kb1 b5 14. Bc5 Bb7 15. g4 Re8 16. Ng3 hxg4 17. h5 gxf3 18. h6 Bf8 19. h7+ Kh8 20. Qg5 Bg7 21. d6 cxd6 22. Rxd6 Qc7 23. Rxf6 Nc8 24. Be3 b4 25. Nf5 bxc3 26. Nxg7 Bxe4+ 27. Kc1 cxb2+ 28. Kxb2 Rb8+ 29. Bb6 Qc2+ 30. Ka3 Qc3+ 31. Ka4 Bc2# 0-1


[Site "https://www.chess.com"]